 Dungeon Crawl Stone Soup version 0.14-a0-3376-gf173aa4 (webtiles) character file.

115252 4tharraofdagon the Carver (level 16, -1/136 HPs)
             Began as a Centaur Gladiator on Mar 19, 2014.
             Was the Champion of Makhleb.
             Slain by a rakshasa
             ... wielding a +0,+5 glaive
              (20 damage)
             ... on Level 2 of the Depths on Mar 20, 2014.
             The game lasted 01:49:09 (15062 turns).

4tharraofdagon the Carver (Centaur Gladiator)      Turns: 15062, Time: 01:49:09

HP  -1/136       AC 19     Str 28      XL: 16   Next: 14%
MP  24/29        EV 20     Int  7 (10) God: Makhleb [******]
Gold 1799        SH  8     Dex 18      Spells:  8 memorised, 11 levels left

rFire  + . .     SeeInvis +     u - +6,+5 demon blade (venom)
rCold  + + .     Clarity  .     e - +1 troll leather armour
rNeg   + . .     Conserve +     P - +0 buckler
rPois  .         rCorr    +     d - +0 helmet "Shubur" {Str+3 Dex+4}
rElec  .         rRot     .     F - +1 cloak {rCorr, Cons}
SustAb . .       Spirit   .     p - +0 pair of gloves {Str+3}
rMut   .         Warding  +     s - +2 centaur barding
Saprov . . .     Stasis   .     o - amulet of warding
MR     +....                    N - ring of see invisible
                                n - ring "Zosm" {+Fly rF+ rC++ Dam+6 Stlth+}

@: phasing (expiring), very quick, somewhat resistant to hostile enchantments,
unstealthy
A: hooves 3, agile 1, clever 1, deformed body, herbivore 1, speed 2, fast
metabolism 1, tough skin 3, evolution 1
a: Minor Destruction, Lesser Servant of Makhleb, Major Destruction, Greater
Servant of Makhleb, Renounce Religion, Evoke Flight


You were on level 2 of the Depths.
You worshipped Makhleb.
Makhleb was exalted by your worship.
You were near starving.

You visited 4 branches of the dungeon, and saw 29 of its levels.
You also visited: Labyrinth, Ossuary and Ice Cave.

You collected 3198 gold pieces.
You spent 1399 gold pieces at shops.

Inventory:

Hand weapons
 j - a +4,+2 scimitar of flaming
 u - a +6,+5 demon blade of venom (weapon)
Armour
 d - the +0 helmet "Shubur" (worn) {Str+3 Dex+4}
   (You found it in a labyrinth)

   It affects your strength (+3).
   It affects your dexterity (+4).
 e - a +1 troll leather armour (worn)
 p - a +0 pair of gloves of strength (worn)
 s - a +2 centaur barding (worn)
 F - a +1 cloak of preservation (worn)
 P - a +0 buckler (worn)
Magical devices
 i - a wand of digging (3)
 m - a wand of heal wounds (9)
 w - a wand of fire (2)
 A - a wand of lightning (4)
 G - a wand of teleportation (9)
 J - a wand of cold (3)
 M - a wand of fire (7)
 R - a wand of draining (4)
 X - a wand of cold (7)
Comestibles
 f - 10 bread rations
 T - 5 apricots
 V - 9 lychees
 Y - 10 meat rations
Scrolls
 g - 2 scrolls of fog
 k - 8 scrolls of remove curse
 q - 6 scrolls of teleportation
 t - a scroll of identify
 H - 4 scrolls of magic mapping
 W - 2 scrolls of blinking
Jewellery
 n - the ring "Zosm" (left hand) {+Fly rF+ rC++ Dam+6 Stlth+}
   (You found it on level 8 of the Lair of Beasts)

   [ring of protection from fire]

   It affects your damage with ranged weapons and melee attacks (+6).
   It greatly protects you from cold.
   It lets you fly.
   It makes you much more stealthy.
 o - an amulet of warding (around neck)
 v - an uncursed ring of fire
 E - an uncursed amulet of stasis
 K - an uncursed ring of wizardry
 N - a ring of see invisible (right hand)
 O - an uncursed ring of ice
 Z - a +4 ring of intelligence
Potions
 a - 2 potions of resistance
 b - a potion of magic
 h - a potion of invisibility
 l - a potion of berserk rage
 r - 2 potions of agility
 z - a potion of lignification
 B - 3 potions of brilliance
 C - 8 potions of curing
 D - a potion of restore abilities
 L - 5 potions of haste
 U - 2 potions of might
Magical staves
 x - an uncursed staff of energy
 y - an uncursed staff of wizardry
Miscellaneous
 c - a legendary deck of changes {Water}
 I - a phial of floods
 S - a plain deck of dungeons {Dowsing}


   Skills:
 + Level 10.7 Fighting
 * Level 13.3 Long Blades
 - Level 2.6 Throwing
 + Level 7.7 Armour
 + Level 8.1 Dodging
 + Level 7.3 Spellcasting
 * Level 4.8 Charms
 * Level 4.5 Necromancy
 - Level 9.1 Translocations
 + Level 8.3 Invocations
 - Level 9.0 Evocations


You had 11 spell levels left.
You knew the following spells:

 Your Spells              Type           Power        Failure   Level  Hunger
a - Apportation           Tloc           ###.......   1%          1    None
b - Phase Shift           Tloc           ###.......   24%         5    #####..
c - Flight                Chrm/Air       #.........   38%         3    ###....
d - Blink                 Tloc           N/A          1%          2    ##.....
e - Summon Butterflies    Summ           #.......     34%         1    None
f - Regeneration          Chrm/Necr      #.........   14%         3    ###....
g - Animate Skeleton      Necr           N/A          6%          1    None
h - Swiftness             Chrm/Air       #.......     21%         2    ##.....


Dungeon Overview and Level Annotations

Branches:
Dungeon (15/15)               Orc (4/4) D:11            Elf (0/3) Orc:4
   Lair (8/8) D:9           Snake (0/5) Lair:6        Slime (0/6) Lair:8
 Vaults (0/5) D:13         Depths (2/5) D:15
 Temple: D:4-7        Swamp: Lair:3-6    Shoals: Lair:3-6    Spider: Lair:3-6

Altars:
Dithmenos
Fedhas
Makhleb
Nemelex Xobeh

Shops:
D:9 :[[[   Orc:2 }   Orc:4 *(([?

Portals:
Hell: Depths:1

Annotations:
D:10 Erolcha
D:11 ORCS


Innate Abilities, Weirdness & Mutations

You have hooves in place of feet.
Armour fits poorly on your strangely shaped body.
You digest meat inefficiently.
You cover ground very quickly.
You have a fast metabolism.
You have extremely tough skin (AC +3).
You are agile. (Dex +2)
Your mind is acute. (Int +2)
You evolve.


Message History

You feel the strange sensation of being on two planes at once.
You are near starving!
You feel closer to the material plane.
Unknown command.
You block the rakshasa's attack.
There is an open door, spattered with blood here.
Things that are here:
a battleaxe of freezing; 2 chunks of frost giant flesh You closely miss the rakshasa.
Your kick misses the rakshasa.
The rakshasa is heavily wounded.
You hit the rakshasa but do no damage. Your kick misses the rakshasa.
The rakshasa is heavily wounded.
The rakshasa hits you with a glaive!
* * * LOW HITPOINT WARNING * * *
You hit the rakshasa. Your kick misses the rakshasa.
The rakshasa is heavily wounded.
You hit the rakshasa but do no damage. You kick the rakshasa!
The rakshasa is severely wounded.
The rakshasa hits you with a glaive!
You die...

##.## #...#
#.#.# #...#
#####...#####
#....)......#
#?<.........#
#...........#
#####...##@##
#...#.R.#
#.>.#...+
#.(.#...#
#####...#####
#...........#
#:..........#
#.......)...#
#####...#'#+#


You could see a rakshasa.

Vanquished Creatures
  A hellephant (Depths:1)
  A quicksilver dragon (Depths:2)
  A tengu reaver (Depths:2)
  A frost giant (Depths:2)
  An orc warlord (Orc:3)
  2 rakshasas (Depths:2)
  2 stone giants (Depths:1)
  A dire elephant (Depths:1)
  A vault guard (D:13)
  3 fire dragons
  A minotaur (Lab)
  An ettin (Depths:1)
  Fannar (D:11)
  2 ice dragons
  An anaconda (shapeshifter) (Depths:2)
  6 death yaks (Depths:1)
  6 orc high priests
  A tengu warrior (D:13)
  2 hell hogs (Depths:1)
  A catoblepas (D:13)
  4 centaur warriors
  An iron troll (Depths:1)
  A deep elf knight (D:13)
  2 hell knights (Depths:2)
  5 skeletal warriors
  An unseen horror (D:14)
  A lindwurm (Lair:8)
  8 orc knights
  9 hill giants
  4 wizards
  A necromancer (D:13)
  A red wasp (Lair:8)
  4 wolf spiders
  2 griffons
  3 elephants (Lair:6)
  A manticore (D:15)
  A cyclops (D:11)
  2 guardian serpents
  8 spiny frogs
  14 black mambas
  A spiny frog (shapeshifter) (D:15)
  An efreet (D:13)
  Psyche (Orc:2)
  2 fire drakes
  A feature mimic (Lair:3)
  A kobold demonologist (D:15)
  3 komodo dragons
  Grinder (D:4)
  A deep elf priest (Depths:1)
  22 polar bears
  16 yaktaurs
  A hydra zombie (D:15)
  2 trolls
  A giant firefly (shapeshifter) (Depths:1)
  8 giant fireflies
  Sonja (D:14)
  11 blink frogs
  3 giant leeches (Lair:8)
  A boulder beetle (D:14)
  2 two-headed ogres
  9 slime creatures
  A formicid (D:8)
  3 spriggans (Lair:5)
  43 yaks
  A redback (Lair:8)
  A spriggan (shapeshifter) (Depths:1)
  4 wyverns
  3 deep elf magi
  A steam dragon (D:9)
  Eustachio (Orc:2)
  3 elephant slugs (Lair:8)
  20 humans
  A deep elf fighter (D:14)
  Grum (Orc:2)
  6 hippogriffs
  20 wolves
  5 human zombies (D:13)
  5 ugly things (Depths:1)
  Menkaure (Ossuary)
  5 wargs
  2 necrophages
  A naga (D:15)
  4 vampire mosquitoes (D:15)
  8 hell hounds (Depths:1)
  6 porcupines
  17 water moccasins
  A yellow wasp (Lair:8)
  A sky beast (D:15)
  7 spiders (Lair:8)
  36 orc warriors
  4 ice beasts
  7 ogres
  A boring beetle (Lair:8)
  4 centaurs
  Sigmund (D:2)
  8 crocodiles
  A big kobold (D:10)
  6 giant slugs
  13 giant frogs
  3 brain worms (Lair:8)
  3 scorpions
  14 killer bees
  11 wights
  2 goliath beetles
  A hippogriff skeleton (D:11)
  5 crimson imps
  6 hounds
  4 jellies
  35 orc priests
  A gnoll shaman (D:7)
  A centaur skeleton (D:6)
  9 iguanas
  31 orc wizards
  6 sheep
  4 worker ants
  Ijyb (D:3)
  A hound zombie (D:10)
  An ogre skeleton (D:11)
  Terence (D:2)
  2 mummies (Ossuary)
  17 gnolls
  59 green rats
  6 shadow imps
  24 adders
  19 worms
  An adder skeleton (D:10)
  A giant eyeball (Depths:1)
  137 orcs
  3 giant cockroaches
  A gnoll zombie (Ossuary)
  19 goblins
  11 hobgoblins
  16 jackals
  13 kobolds
  4 quokkas
  2 ball pythons (Lair:3)
  10 bats
  9 giant geckos
  2 giant newts
  A gnoll skeleton (Ossuary)
  3 goblin skeletons (Ossuary)
  2 goblin zombies (Ossuary)
  3 hobgoblin skeletons
  3 hobgoblin zombies (Ossuary)
  3 kobold skeletons (Ossuary)
  3 kobold zombies
  4 orc skeletons
  2 orc zombies
  12 rats
  A rat skeleton (D:5)
  2 rat zombies (Ossuary)
  2 ballistomycetes (D:12)
  2 fungi (Lair:7)
  5 plants
995 creatures vanquished.

Vanquished Creatures (collateral kills)
  A frost giant (IceCv)
  A hydra (Lair:8)
  A griffon (Lair:8)
  2 black mambas (Lair:8)
  An orange demon (Lair:8)
  A spiny frog (Lair:8)
  2 polar bears (IceCv)
  A yak (Lair:8)
  2 water moccasins (Lair:8)
  2 pulsating lumps (Lair:8)
  2 worker ants (Lair:8)
  2 adders (Lair:8)
  4 green rats (Lair:8)
  A fungus (Lair:8)
  2 plants (Lair:8)
25 creatures vanquished.

Vanquished Creatures (others)
  A mummy (Ossuary)
  A giant spore (D:12)
  2 goblin skeletons (Ossuary)
  4 hobgoblin skeletons (Ossuary)
  3 hobgoblin zombies (Ossuary)
  2 kobold skeletons (Ossuary)
  5 kobold zombies (Ossuary)
  An orc skeleton (Ossuary)
  4 orc zombies (Ossuary)
  4 rat skeletons (Ossuary)
  2 rat zombies (Ossuary)
  A bush (Lair:8)
  5 fungi
  7 plants (Lair:8)
  11 toadstools (Lair:6)
53 creatures vanquished.

Grand Total: 1073 creatures vanquished

Notes
Turn   | Place    | Note
--------------------------------------------------------------
     0 | D:1      | 4tharraofdagon, the Centaur Gladiator, began the quest for the Orb.
     0 | D:1      | Reached XP level 1. HP: 17/17 MP: 1/1
   167 | D:1      | Reached XP level 2. HP: 21/24 MP: 2/2
   255 | D:2      | Reached skill level 3 in Long Blades
   329 | D:2      | Noticed Terence
   349 | D:2      | Killed Terence
   349 | D:2      | Reached XP level 3. HP: 26/30 MP: 3/3
   380 | D:2      | Noticed Sigmund
   398 | D:2      | Killed Sigmund
   398 | D:2      | Reached skill level 1 in Armour
   398 | D:2      | Reached XP level 4. HP: 30/37 MP: 3/3
   564 | D:3      | Noticed Ijyb
   592 | D:3      | Reached XP level 5. HP: 39/44 MP: 4/4
   600 | D:3      | Killed Ijyb
   600 | D:3      | Reached skill level 4 in Long Blades
   729 | D:4      | HP: 1/45 [adder (2)]
   737 | D:4      | RIP
   941 | D:4      | Noticed Grinder
   985 | D:4      | Paralysed by Grinder for 3 turns
   994 | D:4      | Paralysed by Grinder for 5 turns
   999 | D:4      | Killed Grinder
   999 | D:4      | Reached skill level 5 in Long Blades
   999 | D:4      | Reached XP level 6. HP: 18/52 MP: 5/5
  1138 | D:5      | Entered Level 5 of the Dungeon
  1192 | D:5      | Reached XP level 7. HP: 37/58 MP: 5/5
  1330 | D:6      | Found a sand-covered staircase.
  1337 | Ossuary  | Entered an ossuary
  1416 | Ossuary  | Noticed 4tharraofdagon's ghost (average MfGl)
  1685 | Ossuary  | Noticed Menkaure
  1691 | Ossuary  | Killed Menkaure
  2037 | D:7      | Found a shadowy altar of Dithmenos.
  2234 | D:7      | Found a burning altar of Makhleb.
  2245 | D:7      | Became a worshipper of Makhleb the Destroyer
  2270 | D:7      | Reached skill level 6 in Long Blades
  2444 | D:8      | Reached skill level 1 in Evocations
  2509 | D:8      | Noticed a formicid
  2509 | D:8      | a deep dwarf changed into a formicid
  2522 | D:8      | Killed a formicid
  2522 | D:8      | Reached XP level 8. HP: 44/67 MP: 7/7
  2637 | D:8      | Found a blossoming altar of Fedhas.
  2701 | D:9      | Found Clo Xiff's Book Shop.
  2863 | D:9      | Acquired Makhleb's first power
  2929 | D:10     | Entered Level 10 of the Dungeon
  2987 | D:11     | Reached skill level 1 in Spellcasting
  3007 | D:11     | Reached skill level 5 in Fighting
  3014 | D:11     | Noticed a hill giant
  3040 | D:11     | Noticed a troll
  3041 | D:11     | Found a labyrinth entrance.
  3047 | Lab      | Entered a labyrinth
  3393 | Lab      | Found an exit through the horrors of the Abyss.
  3435 | Lab      | Noticed a minotaur
  3442 | Lab      | Killed a minotaur
  3442 | Lab      | Reached skill level 7 in Long Blades
  3442 | Lab      | Reached XP level 9. HP: 60/74 MP: 12/12
  3465 | Lab      | Got a faintly humming helmet
  3469 | Lab      | Identified the cursed +0 helmet "Shubur" {Str+3 Dex+4} (You found it in a labyrinth)
  3473 | Lab      | Identified a -1 rod of striking (12/12) (You took it off a minotaur in a labyrinth)
  3485 | Lab      | Identified a scroll of acquirement
  3486 | Lab      | Got a pair of jewelled gloves
  3489 | Lab      | Identified the -5 pair of gloves of the Nexus {Acc+5} (You acquired it in a labyrinth)
  3493 | Lab      | WASTED
  3493 | Lab      | LORD OF TRASH vol.51
  3550 | D:11     | Killed a troll
  3588 | D:11     | Noticed a cyclops
  3601 | D:11     | Killed a cyclops
  3601 | D:11     | Reached skill level 8 in Long Blades
  3688 | D:11     | Noticed a hill giant
  3704 | D:11     | Killed a hill giant
  3704 | D:11     | Reached XP level 10. HP: 65/83 MP: 15/15
  3721 | D:11     | Killed a hill giant
  3744 | D:11     | Got a fine blowgun
  3780 | D:11     | Found a sparkling altar of Nemelex Xobeh.
  3813 | D:12     | Noticed a five-headed hydra
  3815 | D:12     | Noticed a hill giant
  3865 | D:11     | Noticed Fannar
  3878 | D:11     | Noticed a hill giant
  3892 | D:11     | Acquired Makhleb's second power
  3923 | D:11     | Killed Fannar
  3923 | D:11     | Reached skill level 5 in Dodging
  3929 | D:11     | Killed a hill giant
  3929 | D:11     | Reached skill level 9 in Long Blades
  3929 | D:11     | Reached skill level 5 in Evocations
  3931 | D:11     | Upgraded the game from 0.14-a0-3367-g7c2a7eb to 0.14-a0-3376-gf173aa4
  4031 | D:10     | Noticed Erolcha
  4049 | D:9      | Found Olommo's Antique Armour Shoppe.
  4053 | D:9      | Learned a level 1 spell: Apportation
  4083 | D:9      | Bought a glowing cloak for 166 gold pieces
  4086 | D:9      | Identified a +0 cloak of preservation (You bought it in a shop on level 9 of the Dungeon)
  4101 | D:9      | Found Pruxeg's Antique Armour Shop.
  4189 | D:9      | Found Qamie's Armour Shoppe.
  4360 | D:10     | Reached skill level 1 in Translocations
  4362 | D:10     | Acquired Makhleb's third power
  4484 | D:10     | Noticed a two-headed ogre
  4492 | D:10     | Killed a two-headed ogre
  4516 | D:10     | Noticed a hill giant
  4524 | D:10     | Killed a hill giant
  4575 | D:12     | Reached XP level 11. HP: 80/91 MP: 17/18
  4604 | D:12     | Noticed a wolf spider
  4606 | D:12     | Noticed a hill giant
  4616 | D:12     | Killed a wolf spider
  4616 | D:12     | Reached skill level 5 in Armour
  4623 | D:12     | Killed a hill giant
  4802 | D:12     | Killed a hill giant
  4944 | D:13     | Acquired Makhleb's fourth power
  5020 | D:13     | Reached skill level 1 in Invocations
  5063 | D:13     | Noticed a wizard
  5063 | D:13     | Noticed a necromancer
  5086 | D:13     | Killed a wizard
  5103 | D:13     | Reached skill level 10 in Long Blades
  5124 | D:13     | Killed a necromancer
  5161 | D:13     | Found a gate to the Vaults.
  5161 | D:13     | Noticed a deep elf knight
  5161 | D:13     | Noticed a vault guard
  5180 | D:13     | Killed a vault guard
  5193 | D:13     | Reached XP level 12. HP: 54/101 MP: 21/21
  5194 | D:13     | Killed a deep elf knight
  5194 | D:13     | Reached skill level 5 in Translocations
  5534 | D:9      | Noticed a komodo dragon
  5549 | D:9      | Killed a komodo dragon
  5630 | D:9      | Found a staircase to the Lair.
  5635 | Lair:1   | Entered Level 1 of the Lair of Beasts
  5675 | Lair:1   | Identified the +9 blowgun "Plaxygg" {evade, +Blink} (You found it on level 11 of the Dungeon)
  5743 | Lair:1   | Acquired Makhleb's fifth power
  5842 | Lair:1   | Found a frozen archway.
  5882 | IceCv    | Entered an ice cave
  5897 | IceCv    | Learned a level 5 spell: Phase Shift
  5901 | IceCv    | Learned a level 3 spell: Flight
  5904 | IceCv    | Learned a level 2 spell: Blink
  5906 | IceCv    | Learned a level 1 spell: Summon Butterflies
  6220 | IceCv    | Reached skill level 5 in Spellcasting
  6400 | IceCv    | Reached skill level 11 in Long Blades
  6416 | IceCv    | Noticed a frost giant
  6432 | IceCv    | Killed a frost giant
  6446 | IceCv    | Reached XP level 13. HP: 95/108 MP: 23/23
  6968 | Lair:3   | Found a staircase to the Snake Pit.
  7036 | Lair:3   | the staircase to the Snake Pit was a mimic.
  7341 | Lair:4   | Found a blossoming altar of Fedhas.
  7412 | Lair:4   | Got a dazzling blowgun
  7413 | Lair:4   | Identified the +6 blowgun of the Orange Skies {evade, +Fly rPois rC+ Dex+4} (You found it on level 4 of the Lair of Beasts)
  8040 | Lair:6   | Found a staircase to the Snake Pit.
  8176 | Lair:6   | Found a blossoming altar of Fedhas.
  8382 | Lair:7   | Reached skill level 5 in Invocations
  8393 | Lair:7   | Gained mutation: You are agile. (Dex +2) [potion of mutation]
  8393 | Lair:7   | Gained mutation: Your mind is acute. (Int +2) [potion of mutation]
  8393 | Lair:7   | Gained mutation: You evolve. [potion of mutation]
  8524 | Lair:8   | Entered Level 8 of the Lair of Beasts
  9116 | Lair:8   | Reached XP level 14. HP: 102/118 MP: 21/25
  9387 | Lair:8   | Paralysed by a yellow wasp for 2 turns
  9424 | Lair:8   | Reached skill level 12 in Long Blades
  9430 | Lair:8   | Got a slimy bone ring
  9500 | Lair:8   | Identified the ring "Zosm" {+Fly rF+ rC++ Dam+6 Stlth+} (You found it on level 8 of the Lair of Beasts)
  9502 | Lair:8   | OMG
  9624 | Lair:8   | Found a staircase to the Slime Pits.
 10317 | D:9      | Noticed a komodo dragon
 10324 | D:9      | Killed a komodo dragon
 10552 | D:11     | Found a staircase to the Orcish Mines.
 10556 | Orc:1    | Entered Level 1 of the Orcish Mines
 10822 | Orc:2    | You fall through a shaft!
 11078 | Orc:2    | Noticed an orc warlord
 11099 | Orc:3    | Killed an orc warlord
 11216 | Orc:4    | Entered Level 4 of the Orcish Mines
 11216 | Orc:4    | Found Osajucu's Assorted Antiques.
 11483 | Orc:4    | Bought a scroll labeled MEVARY HUPETS for 24 gold pieces
 11483 | Orc:4    | Bought a scroll of enchant weapon I for 84 gold pieces
 11562 | Orc:2    | Noticed Psyche
 11562 | Orc:2    | Noticed Grum
 11566 | Orc:2    | Killed Grum
 11579 | Orc:2    | Killed Psyche
 11616 | Orc:2    | Found Dalij's Gadget Boutique.
 11639 | Orc:2    | Bought a wand of teleportation (5) for 432 gold pieces
 12325 | Orc:4    | Reached skill level 10 in Fighting
 12380 | Orc:4    | Found Twaiq's Magic Scroll Shoppe.
 12380 | Orc:4    | Found Traliata's Antique Armour Emporium.
 12380 | Orc:4    | Found Sucitaig's Weapon Shoppe.
 12380 | Orc:4    | Found Klonuuw's Antique Weapon Shoppe.
 12398 | Orc:4    | Bought a scroll of enchant weapon III for 240 gold pieces
 12398 | Orc:4    | Bought a scroll of enchant weapon II for 66 gold pieces
 12404 | Orc:4    | Bought 2 scrolls of identify for 48 gold pieces
 12413 | Orc:4    | Bought a steaming robe for 159 gold pieces
 12422 | Orc:4    | Identified the +1 robe of Vehumet's Condemnation {rC+ Str+1} (You bought it in a shop on level 4 of the Orcish Mines)
 12513 | Orc:4    | Found a staircase to the Elven Halls.
 12664 | Orc:4    | Bought a bronze wand for 96 gold pieces
 12664 | Orc:4    | Bought a scroll of magic mapping for 84 gold pieces
 12824 | Orc:2    | Noticed Eustachio
 12839 | Orc:2    | Killed Eustachio
 13066 | D:13     | Noticed a catoblepas
 13071 | D:13     | Killed a catoblepas
 13078 | D:13     | Reached XP level 15. HP: 126/126 MP: 27/27
 13105 | D:13     | Learned a level 3 spell: Regeneration
 13107 | D:13     | Learned a level 1 spell: Animate Skeleton
 13299 | D:14     | Noticed Sonja
 13303 | D:14     | Killed Sonja
 13491 | D:15     | Entered Level 15 of the Dungeon
 13496 | D:15     | Reached skill level 1 in Charms
 13560 | D:15     | Reached skill level 1 in Necromancy
 13950 | D:15     | Found a staircase to the Depths.
 14033 | Depths:1 | Entered Level 1 of the Depths
 14071 | Depths:1 | Paralysed by a wizard for 4 turns
 14322 | Depths:1 | Reached skill level 13 in Long Blades
 14410 | Depths:1 | Paralysed by a giant eyeball for 3 turns
 14693 | Depths:1 | Found a gateway to Hell.
 14693 | Depths:1 | Noticed a hellephant
 14744 | Depths:1 | Killed a hellephant
 14761 | Depths:1 | Learned a level 2 spell: Swiftness
 14926 | Depths:2 | Reached XP level 16. HP: 78/136 MP: 29/29
 14993 | Depths:2 | Noticed a quicksilver dragon
 14993 | Depths:2 | Noticed a tengu reaver
 15003 | Depths:2 | Killed a quicksilver dragon
 15008 | Depths:2 | Killed a tengu reaver
 15062 | Depths:2 | Slain by a rakshasa

Action                   |  1- 3 |  4- 6 |  7- 9 | 10-12 | 13-15 | 16-18 || total
-------------------------+-------+-------+-------+-------+-------+-------++-------
Melee: Long sword        |    35 |   144 |     2 |       |       |       ||   181
       Unarmed           |     6 |       |       |       |       |       ||     6
       Scimitar          |       |       |   251 |    14 |       |       ||   265
       Demon blade       |       |       |       |   786 |  1701 |    60 ||  2547
       Falchion          |       |       |       |    14 |       |       ||    14
Throw: Throwing net      |     4 |     3 |     5 |       |       |       ||    12
 Cast: Flight            |       |       |       |     1 |       |       ||     1
       Phase Shift       |       |       |       |       |     2 |     4 ||     6
Invok: Greater Servant o |       |       |       |     1 |     1 |       ||     2
       Lesser Servant of |       |       |       |       |     1 |       ||     1
Evoke: Wand              |       |     3 |    33 |     3 |     9 |     1 ||    49
  Use: Potion            |     1 |       |     1 |     3 |     3 |     2 ||    10
       Scroll            |       |     1 |    21 |    12 |    16 |       ||    50
 Stab: Held in net/web   |     1 |       |       |       |       |       ||     1
       Paralysed         |       |       |     3 |       |       |       ||     3
       Sleeping          |       |       |       |       |     1 |       ||     1
